 Dungeon Crawl Stone Soup version 0.30-a0-394-g3e4acdb0ae (webtiles) character file.

Game seed: 10107292231369065134

102 p00ps00p the Trooper (level 4, 0/41 HPs)
             Began as a Hill Orc Fighter on Dec 6, 2022.
             Slain by a gnoll
             ... wielding a +0 flail
             ... led by a gnoll bouda
              (3 damage)
             ... on level 3 of the Dungeon.
             The game lasted 00:02:19 (1650 turns).

p00ps00p the Trooper (Hill Orc Fighter)             Turns: 1650, Time: 00:02:20

Health: 0/41       AC: 13    Str: 20    XL:     4   Next: 78%
Magic:  4/4        EV:  5    Int:  8    God:
Gold:   132        SH:  4    Dex: 10    Spells: 3/3 levels left

rFire   . . .      SeeInvis .    a - +0 war axe
rCold   . . .      Faith    .    c - +0 buckler
rNeg    . . .      Spirit   .    k - +0 plate armour
rPois   .          Reflect  .    (no helmet)
rElec   .          Harm     .    (no cloak)
rCorr   .          Rampage  .    (no gloves)
Will    .....                    h - +0 pair of boots
Stlth   ..........               (no amulet)
HPRegen 0.26/turn                (no ring)
MPRegen 0.09/turn                (no ring)

@: mighty
A: no striking features
a: no special abilities


You were on level 3 of the Dungeon.
You visited 1 branch of the dungeon, and saw 3 of its levels.

You collected 132 gold pieces.

Inventory:

Hand Weapons
 a - a +0 war axe (weapon)
Armour
 c - a +0 buckler (worn)
 h - a +0 pair of boots (worn)
 i - a +0 chain mail
 k - a +0 plate armour (worn)
Scrolls
 f - 4 scrolls of teleportation
 j - a scroll of brand weapon {unknown}
Potions
 b - a potion of brilliance {unknown}
 e - a potion of degeneration {unknown}
 g - a potion of mutation {unknown}


   Skills:
 + Level 4.4 Fighting
 + Level 3.9 Axes
 + Level 4.1 Armour
 + Level 4.1 Shields


You had 3 spell levels left.
You didn't know any spells.
Your spell library contained the following spells:

 Spells                   Type           Power      Damage    Failure   Level
 Sublimation of Blood     Necr           0%         N/A       100%        2
 Call Canine Familiar     Summ           0%         N/A       100%        3
 Ozocubu's Armour         Ice            0%         N/A       100%        3
 Portal Projectile        Hex/Tloc       0%         N/A       100%        3
 Leda's Liquefaction      Hex/Erth       0%         N/A       100%        4
 Petrify                  Tmut/Erth      0%         N/A       100%        4
 Irradiate                Conj/Tmut      0%         3d11      100%        5
 Metabolic Englaciation   Hex/Ice        0%         N/A       100%        5
 Simulacrum               Ice/Necr       0%         N/A       100%        6


Dungeon Overview and Level Annotations

Branches:
Dungeon (3/15)

Altars:
Nemelex Xobeh

Shops:
D:2 :


Message History

The gnoll hits you from afar with a +0 spear.
The gnoll hits you but does no damage.
Unknown command.
You are too injured to fight recklessly!
Unknown command.
You are too injured to fight recklessly!
Unknown command.
You are too injured to fight recklessly!
Unknown command.
You are too injured to fight recklessly!
You feel very mighty all of a sudden.
The gnoll hits you from afar with a +0 spear.
The gnoll hits you but does no damage.
You hit the gnoll bouda.
The gnoll bouda is lightly wounded.
The gnoll bouda hits you but does no damage.
The gnoll hits you from afar with a +0 spear.
You block the gnoll's attack. The gnoll bouda barely misses you.
The gnoll hits you but does no damage. The gnoll barely misses you.
You closely miss the gnoll. x2; You closely miss the gnoll bouda.
The gnoll bouda hits you with a +0 club.
The gnoll barely misses you. The gnoll hits you but does no damage.
The gnoll hits you with a +0 spear.
* * * LOW HITPOINT WARNING * * *
The gnoll bouda hits you with a +0 club.
* * * LOW HITPOINT WARNING * * *
You block the gnoll's attack.
You are too injured to fight recklessly!
You closely miss the gnoll. You hit the gnoll. You barely miss the gnoll bouda.
You block the gnoll bouda's attack. The gnoll hits you with a +0 spear.
* * * LOW HITPOINT WARNING * * *
The gnoll hits you but does no damage.
You slice the gnoll!!
You kill the gnoll!
You hit the gnoll bouda. You hit the gnoll.
The gnoll bouda hits you with a +0 club.
* * * LOW HITPOINT WARNING * * *
The gnoll hits you but does no damage. The gnoll hits you with a +0 flail.
You die...

#..#..........###.###.####
#.........##..............
#.##......##......###.#####...
#..#...#.####.###...#.........
##....#...............#####...
...........†...##.#.....##
...####........##.###....#
....###........##.....##.#
.#...##).......g@g....# ...
.#.#...........g##....# #..#
......................# #..
.#.#.#.#.#.##.#.####..# ##
.#.#.#.....##...# #..#
.#...##...###.### #....
...#.##..## #.... .....#.....
##.#...#.#.


You could see a gnoll bouda and 2 gnolls.

Vanquished Creatures
  2 gnolls (D:3)
  2 adders (D:2)
  2 worms
  4 dart slugs
  5 ball pythons
  5 endoplasms
  4 giant cockroaches
  11 goblins
  4 hobgoblins
  3 jackals (D:2)
  2 quokkas
  3 bats
  2 frilled lizards
  2 kobolds
  4 rats
55 creatures vanquished.

Notes
Turn   | Place    | Note
-------+----------+-------------------------------------------
     0 | D:1      | p00ps00p the Hill Orc Fighter began the quest for the Orb.
     0 | D:1      | Reached XP level 1. HP: 19/19 MP: 1/1
   150 | D:1      | Reached XP level 2. HP: 26/27 MP: 2/2
   280 | D:1      | Found a faded altar of an unknown god.
   839 | D:1      | Reached XP level 3. HP: 33/33 MP: 3/3
  1102 | D:2      | Reached XP level 4. HP: 39/40 MP: 4/4
  1337 | D:2      | Found Obawybu's Book Emporium.
  1538 | D:3      | Found a sparkling altar of Nemelex Xobeh.
  1650 | D:3      | Slain by a gnoll

Illustrated notes

Levels and vault maps discovered:
D:1:      dpeg_arrival_morbid_curiosity, layout_basic,
          ebering_ecumenical_altar_box
D:2:      layout_basic, serial_shops, shop_fountains, minmay_misc_feat_rugged
D:3:      layout_rooms, overflow_temple_1_default, serial_shops,
          nicolae_shop_waterfront

Skill      XL: |  1  2  3  4 |
---------------+-------------+-----
Axes           | 3 |  3.9
Fighting       | 4 |  4.4
Shields        | 4 |  4.1
Armour         | 4 |  4.1

Action                   |  1- 3 |  4- 6 || total
-------------------------+-------+-------++-------
Melee: War axe           |    89 |    55 ||   144
  Use: Scroll            |     4 |       ||     4
       Potion            |       |     1 ||     1
Armor: Scale mail        |    28 |       ||    28
       Chain mail        |    15 |    18 ||    33
       Plate armour      |       |    28 ||    28
Dodge: Dodged            |    42 |    21 ||    63
Block: Buckler           |    18 |    13 ||    31

Table legend: (Time is in decaauts)
 A = Elapsed time spent in this place.
 B = Non-inter-level travel time spent in this place.
 C = Inter-level travel time spent in this place.
 D = Time resting spent in this place.
 E = Time spent auto-exploring this place.
 F = Levels seen in this place.
 G = Mean time per level.
                   A        B        C        D        E       F      G
               +--------+--------+--------+--------+--------+-----+--------+
         Total |   1703 |   1585 |    118 |      0 |   1206 |   3 |  567.7 |
       Dungeon |   1703 |   1585 |    118 |      0 |   1206 |   3 |  567.7 |
               +--------+--------+--------+--------+--------+-----+--------+

Top non-repeatable levels by time:
     D:1: 1043 daAuts
     D:2: 515 daAuts
     D:3: 145 daAuts
